Unix NetHack Version 5.0.0-0 post-release - last build Jul 14 2026 02:55:29 (1809b74e8187c3a3585e283601c3028b46cbbdcb,branch:main).

Game began 2026-07-15 07:38:16, ended 2026-07-15 07:48:16.

80percenthuman, chaotic female elven Wizard

 -----
 |...|
 |...|
 |[.<|
 |...|          ------------
 |...|        ##.....(.....|
 --.--#       # |.........@.
   ####     ### |.........r|
      ##    #   ----------.-
      ##    #             ##
   #####   ##             #
   #-----.-#
   #|.....|#
   #-..)..|#
    |...>.|#
    |....).#
    -------

80percenthuman the Conjurer  St:9 Dx:15 Co:9 In:20 Wi:10 Ch:13  Chaotic
Dlvl:5  $:33 HP:0(27) Pw:31(36) AC:7  Xp:4 T:1338 

Latest messages:
 THUD!
 In what direction?
 You kick a locked large box.
 THUD!
 In what direction?
 You kick a locked large box.
 THUD!
 In what direction?
 You kick a locked large box.
 THUD!
 In what direction?
 You kick a locked large box.
 THUD!
 In what direction?
 You kick a locked large box.
 THUD!
 In what direction?
 You kick a locked large box.
 THUD!
 In what direction?
 You kick a locked large box.
 THUD!
 In what direction?
 You kick a locked large box.
 THUD!
 You break open the lock!
 You see here a broken large box.
 #
 G - a scroll labeled JUYED AWK YACC.
 H - a scroll labeled VAS CORP BET MANI.
 I - a jade ring.
 What do you want to read? [ijlmuGH or ?*]
 As you read the scroll, it disappears.
 Your quarterstaff glows black for a moment.
 What do you want to read? [ijlmuG or ?*]
 As you read the scroll, it disappears.
 Your cloak of magic resistance glows silver for a while.
 You hit the rabid rat!
 The rabid rat bites!
 You miss the rabid rat.
 The rabid rat bites!
 You miss the rabid rat.
 The rabid rat bites!
 The rabid rat bites!
 In what direction?
 The spell misses the rabid rat.
 The rabid rat bites!
 You die...
 Do you want your possessions identified? [ynq] (y)
 Do you want to see your attributes? [ynq] (y)

Inventory:
 Coins    ('$')
  $ - 33 gold pieces
 Weapons  (')')
  p - a cursed -1 orcish dagger
  a - a blessed +0 quarterstaff (weapon in hands)
 Armor    ('[')
  b - a blessed +2 cloak of magic resistance (being worn)
 Comestibles  ('%')
  v - 5 uncursed food rations
  F - 2 uncursed tripe rations
  w - 2 uncursed homemade tins of sewer rat meat
 Scrolls  ('?')
  u - an uncursed scroll of blank paper
  j - an uncursed scroll of create monster
  i - an uncursed scroll of stinking cloud
 Spellbooks  ('+')
  m - an uncursed spellbook of detect food
  l - a blessed spellbook of force bolt
 Potions  ('!')
  B - an uncursed potion of booze
  g - an uncursed potion of gain energy
  x - a cursed potion of healing
  A - an uncursed potion of paralysis
  h - a blessed potion of restore ability
  f - an uncursed potion of water
 Rings    ('=')
  d - an uncursed ring of conflict
  e - an uncursed ring of fire resistance
  I - an uncursed ring of warning
 Wands    ('/')
  c - a wand of polymorph (0:4)
 Tools    ('(')
  o - an uncursed leather drum
  n - a magic marker (0:13)
 Gems/Stones  ('*')
  y - an uncursed worthless piece of yellowish brown glass

80percenthuman the Wizard's attributes:

Background:
 You were a Conjurer, a level 4 female elven Wizard.
 You were chaotic, nominally on a mission for Anhur
 who was opposed by Ptah (lawful) and Thoth (neutral).
 You were right-handed.
 You were in the Dungeons of Doom, on level 5.
 You entered the dungeon 1338 turns ago.
 There was a new moon in effect when your adventure ended.
 You had 86 experience points, 74 more were needed to attain level 5.

Basics:
 You had 0 out of 27 hit points.
 You had 31 out of 36 energy points (spell power).
 Your armor class was 7.
 Your wallet contained 33 zorkmids.
 Autopickup was off.

Final Characteristics:
 Your strength was 9 (limit:18).
 Your dexterity was 15 (limit:18).
 Your constitution was 9 (limit:16).
 Your intelligence was 20 (limit:20).
 Your wisdom was 10 (limit:20).
 Your charisma was 13 (limit:18).

Final Status:
 You weren't hungry.
 You were unencumbered.
 You were wielding a quarterstaff.
 You had basic skill with quarterstaff.

Final Attributes:
 You were devoutly aligned.
 You were magic-protected.
 You were sleep resistant.
 You were telepathic.
 You had infravision.
 You were warded.
 You are dead.

Miscellaneous:
 You didn't encounter any bones levels.
 Total elapsed playing time was 9 minutes and 59 seconds.

Major events:
 Turn
    1: 80percenthuman the chaotic female elven Wizard entered the dungeon
  539: attained the rank of Conjurer (level 3)
  577: entered the Gnomish Mines
 1338: killed by a rabid rat

Spells:
 Name                 Level Category     Fail Retention
 force bolt             1   attack         0%  91%-100%
 detect food            2   divination    27%  76%-100%

Skills:
 Fighting Skills
   bare handed combat [Unskilled]
   riding             [Unskilled]
 Weapon Skills
   dagger             [Unskilled]
   knife              [Unskilled]
   axe                [Unskilled]
   short sword        [Unskilled]
   club               [Unskilled]
   mace               [Unskilled]
   quarterstaff       [Basic]
   polearms           [Unskilled]
   spear              [Unskilled]
   trident            [Unskilled]
   sling              [Unskilled]
   dart               [Unskilled]
   shuriken           [Unskilled]
 Spellcasting Skills
   attack spells      [Basic]
   healing spells     [Unskilled]
   divination spells  [Unskilled]
   enchantment spells [Basic]
   clerical spells    [Unskilled]
   escape spells      [Unskilled]
   matter spells      [Unskilled]

Voluntary challenges:
 Character rerolling was not enabled.
 You were an atheist.
 You never genocided any monsters.
 You never polymorphed an object.
 You never changed form.
 You used no wishes.
Achievements:
 You attained the rank of Conjurer.
 You entered the Gnomish Mines.
 You entered a shop.

 The Dungeons of Doom: levels 1 to 5
    Level 1:
    Level 2:
       Some fountains.
       Stairs down to The Gnomish Mines.
    Level 3:
       An armor shop.
    Level 4:
       A fountain.
    Level 5: <- You were here.
       Final resting place for
          you, killed by a rabid rat.
 The Gnomish Mines:
    Level 3:


Vanquished creatures:
  a floating eye
 an acid blob
  5 coyotes
  a hobgoblin
  2 giant rats
  a gnome
  a gecko
  3 jackals
  2 kobolds
  2 goblins
  3 grid bugs
  2 bats
  2 lichens
  3 newts
29 creatures vanquished.

No species were genocided or became extinct.

Game over:
                       ----------
                      /          \
                     /    REST    \
                    /      IN      \
                   /     PEACE      \
                  /                  \
                  |  80percenthuman  |
                  |      33 Au       |
                  |   killed by a    |
                  |    rabid rat     |
                  |                  |
                  |                  |
                  |       2026       |
                 *|     *  *  *      | *
        _________)/\\_//(\/(/\)/\//\/|_)_______

Goodbye 80percenthuman the Wizard...

You died in The Dungeons of Doom on dungeon level 5 with 604 points,
and 33 pieces of gold, after 1338 moves.
You were level 4 with a maximum of 27 hit points when you died.

